Map: Doraelus Hills

Players

Silentfaith

  • Race: Zerg Zerg

Credo

  • Race: Protoss Protoss

Brandon

  • Race: Protoss Protoss

IveyOne - Winner!

  • Race: Terran Terran

Hadoken - Winner!

  • Race: Zerg Zerg
  • League: Gold

Grumm - Winner!

  • Race: Protoss Protoss
  • League: Gold

VOD

Have the link to the VOD?

Description

Time

  • Played on: Jan. 15, 2016, 5:34 p.m.
  • Length: 15:38
Show
View Real Time Build Order
Export as new Build Order

Silentfaith Zerg 

Build Orders: Hatch First 

Get SALT Encoding   

  12  0:01  Drone  
  13  0:08  Drone  
  14  0:17  Overlord  
  14  0:36  Drone x3  
  17  0:56  Drone  
  18  1:01  Hatchery  
  18  1:04  Drone  
  18  1:09  Drone  
  19  1:20  Drone, Spawning Pool  
  19  1:25  Extractor  
  18  1:31  Drone  
  19  1:44  Drone  
  20  1:53  Drone  
  21  1:54  Extractor  
  20  2:02  Drone  
  21  2:13  Spine Crawler, Queen  
  21  2:15  Spine Crawler  
  21  2:16  Zergling x4  
  21  2:21  Queen  
  25  2:27  Zergling x4  
  27  2:35  Drone  
  27  2:37  Overlord  
  28  2:59  Zergling x6  
  31  3:08  Metabolic Boost  
  31  3:09  Drone  
  31  3:10  Drone x2  
  34  3:19  Roach Warren  
  32  3:29  Zergling x6  
  34  3:35  Zergling x2  
  34  3:36  Zergling x2  
  36  3:51  Overlord x3  
  36  3:58  Lair  
  36  4:29  Hatchery, Roach x2  
  39  4:33  Drone  
  39  4:34  Drone  
  41  4:44  Evolution Chamber  
  40  4:47  Spore Crawler  
  40  4:48  Roach  
  41  4:59  Drone x3  
  44  5:13  Roach  
  44  5:14  Roach  
  48  5:17  Drone  
  48  5:18  Drone  
  51  5:21  Drone  
  51  5:23  Drone  
  52  5:31  Zerg Missile Weapons Level 1  
  52  5:38  Roach  
  54  5:44  Queen  
  54  5:46  Drone  
  57  5:53  Drone x3  
  60  5:58  Ravager x5  
  60  6:01  Drone  
  66  6:06  Overlord  
  66  6:14  Overlord  
  66  6:21  Extractor  
  66  6:22  Drone  
  66  6:24  Drone x3  
  66  6:25  Extractor  
  68  6:27  Drone x3  
  68  6:31  Glial Reconstitution  
  71  6:34  Drone  
  72  6:41  Drone x4  
  76  6:51  Drone x5  
  81  7:07  Infestation Pit  
  81  7:08  Roach  
  82  7:11  Overlord x3  
  82  7:31  Roach  
  82  7:32  Roach x4  
  69  7:40  Roach x5  
  69  7:41  Roach x2  
  69  7:43  Ravager  
  82  7:48  Hive  
  82  7:57  Roach x5  
  92  8:12  Drone x3  
  95  8:28  Zergling x10  
  95  8:29  Zergling x10  
  95  8:33  Overlord x2  
  105  8:34  Overlord  
  105  8:40  Hatchery  
  104  8:52  Zerg Melee Weapons Level 1  
  104  8:56  Evolution Chamber  
  94  9:26  Zergling x6  
  94  9:27  Zergling x12  
  94  9:28  Zergling x10  
  75  9:43  Zerg Missile Weapons Level 2  
  75  9:50  Ultralisk Cavern  
  74  9:59  Roach x6  
  88  10:00  Roach x2  
  90  10:11  Drone x3  
  93  10:16  Queen  
  95  10:43  Ultralisk x4  
  95  10:44  Ultralisk  
  95  10:46  Overlord  
  95  10:47  Overlord x5  
  95  10:48  Overlord x2  
  125  10:53  Hydralisk Den  
  124  11:03  Zergling x4  
  124  11:04  Zergling x6  
  126  11:05  Zergling x10  
  130  11:25  Hydralisk x3  
  130  11:26  Hydralisk x6  
  130  11:27  Hydralisk x2  
  152  11:39  Hydralisk x4  
  139  11:40  Hydralisk  
  123  11:58  Hydralisk  
  123  11:59  Hydralisk x5  
  111  12:10  Hydralisk  
  111  12:11  Hydralisk x4  
  97  12:26  Hydralisk x2  
  97  12:27  Hydralisk x3  
  95  12:37  Hydralisk x2  
  99  12:46  Lair  
  88  12:51  Roach x2  
  88  12:52  Roach x2  
  94  13:08  Roach x6  
  94  13:09  Roach x4  
  99  13:33  Ultralisk  
  103  13:44  Drone x2  
  103  13:45  Drone x6  
  107  13:52  Infestation Pit  
  50  14:23  Extractor  
  48  14:24  Extractor  
  36  14:40  Extractor  
  36  14:42  Extractor  
  36  14:43  Spawning Pool  
  36  14:44  Drone x3  
  36  14:45  Drone x3  
Show
View Real Time Build Order
Export as new Build Order

Credo Protoss 

Build Orders: 1 Gate Expand 

Get SALT Encoding   

  12  0:02  Probe (Chrono Boost)  
  13  0:13  Probe (Chrono Boost)  
  14  0:20  Pylon  
  14  0:23  Probe (Chrono Boost)  
  15  0:29  Assimilator  
  15  0:38  Probe (Chrono Boost)  
  16  0:49  Probe (Chrono Boost)  
  17  0:51  Gateway  
  18  1:11  Probe (Chrono Boost)  
  18  1:21  Probe (Chrono Boost)  
  19  1:33  Probe (Chrono Boost)  
  20  1:40  Nexus  
  20  1:43  Cybernetics Core  
  20  1:48  Pylon  
  20  1:53  Assimilator  
  20  2:06  Zealot  
  22  2:13  Forge  
  22  2:22  Mothership Core (Chrono Boost)  
  22  2:56  Photon Cannon  
  21  3:14  Probe (Chrono Boost)  
  23  3:26  Adept  
  24  3:38  Probe (Chrono Boost)  
  25  3:46  Gateway, Probe (Chrono Boost)  
  25  3:47  Gateway  
  26  3:51  Probe (Chrono Boost)  
  26  3:53  Stalker  
  29  3:57  Probe (Chrono Boost)  
  29  4:00  Protoss Ground Weapons Level 1 (Chrono Boost)  
  29  4:01  Pylon  
  30  4:05  Probe (Chrono Boost)  
  31  4:17  Warp Gate (Chrono Boost)  
  31  4:20  Probe  
  32  4:28  Photon Cannon  
  32  4:35  Adept  
  32  4:38  Probe  
  35  4:40  Probe  
  36  4:50  Probe  
  37  4:53  Pylon  
  37  4:55  Adept  
  39  5:12  Probe  
  40  5:15  Assimilator  
  40  5:17  Pylon, Probe  
  40  5:20  Assimilator  
  41  5:24  Probe  
  42  5:29  Probe  
  42  5:31  Adept  
  45  5:36  Probe  
  45  5:41  Probe  
  47  5:43  Stargate  
  47  5:45  Stargate  
  47  5:48  Probe  
  48  5:53  Stalker  
  50  5:59  Stalker  
  50  6:01  Probe  
  53  6:15  Robotics Facility  
  53  6:18  Protoss Air Weapons Level 1 (Chrono Boost)  
  53  6:27  Void Ray (Chrono Boost)  
  53  6:31  Probe  
  58  6:36  Protoss Ground Armor Level 1  
  58  6:37  Probe, Photon Cannon  
  59  6:43  Probe  
  60  6:51  Sentry  
  63  7:01  Probe  
  63  7:04  Observer  
  63  7:06  Pylon  
  58  7:28  Probe  
  59  7:32  Probe  
  58  7:40  Probe  
  58  7:43  Immortal (Chrono Boost)  
  53  7:45  Robotics Bay  
  53  7:47  Adept x3  
  59  7:53  Void Ray (Chrono Boost)  
  59  7:57  Gateway  
  63  7:59  Twilight Council  
  63  8:03  Pylon  
  63  8:07  Probe  
  64  8:19  Adept x2  
  68  8:21  Pylon  
  68  8:22  Immortal (Chrono Boost)  
  72  8:47  Probe  
  73  8:53  Stalker  
  73  8:54  Stalker x2  
  79  9:01  Colossus (Chrono Boost)  
  83  9:41  Charge  
  79  9:50  Colossus (Chrono Boost)  
  85  9:54  Extended Thermal Lance (Chrono Boost)  
  85  9:59  Gateway  
  85  10:00  Gateway  
  85  10:01  Gateway  
  85  10:03  Gateway  
  85  10:04  Gateway  
  85  10:07  Gateway  
Show
View Real Time Build Order
Export as new Build Order

Brandon Protoss 

Build Orders: Nexus First 

Get SALT Encoding   

  12  0:06  Probe (Chrono Boost)  
  13  0:22  Pylon  
  13  0:49  Nexus  
  13  0:56  Probe (Chrono Boost)  
  14  1:07  Probe (Chrono Boost)  
  15  1:17  Probe (Chrono Boost)  
  16  1:19  Assimilator, Pylon  
  16  1:24  Assimilator  
  16  1:30  Probe (Chrono Boost)  
  17  1:39  Forge  
  17  1:44  Probe (Chrono Boost)  
  18  1:55  Gateway  
  18  2:02  Probe (Chrono Boost)  
  19  2:08  Pylon  
  19  2:12  Probe (Chrono Boost)  
  19  2:15  Probe (Chrono Boost)  
  21  2:23  Probe (Chrono Boost)  
  21  2:29  Photon Cannon  
  22  2:36  Photon Cannon  
  22  2:39  Probe (Chrono Boost)  
  23  2:48  Cybernetics Core  
  23  2:50  Probe (Chrono Boost)  
  24  2:56  Probe (Chrono Boost)  
  25  3:01  Pylon  
  25  3:03  Probe (Chrono Boost)  
  26  3:07  Probe (Chrono Boost)  
  27  3:14  Probe (Chrono Boost)  
  27  3:16  Pylon  
  28  3:20  Photon Cannon  
  28  3:22  Probe (Chrono Boost)  
  28  3:26  Protoss Air Weapons Level 1 (Chrono Boost)  
  29  3:30  Probe  
  29  3:33  Mothership Core  
  32  3:42  Probe  
  32  3:45  Assimilator  
  32  3:47  Assimilator  
  33  3:52  Stargate  
  33  3:54  Probe  
  33  3:55  Pylon  
  34  4:03  Cybernetics Core  
  34  4:07  Photon Cannon  
  34  4:08  Probe  
  35  4:12  Probe, Photon Cannon  
  36  4:20  Probe  
  36  4:23  Probe  
  37  4:27  Pylon  
  38  4:36  Protoss Shields Level 1 (Chrono Boost)  
  38  4:49  Protoss Air Armor Level 1 (Chrono Boost)  
  38  4:51  Stargate  
  38  5:01  Stargate  
  38  5:16  Pylon  
  38  5:17  Fleet Beacon  
  38  5:20  Pylon  
  38  5:22  Stargate  
  38  5:24  Probe  
  39  5:31  Void Ray  
  43  6:03  Void Ray  
  47  6:07  Photon Cannon  
  47  6:08  Photon Cannon  
  47  6:13  Photon Cannon  
  47  6:25  Void Ray  
  51  6:38  Probe  
  52  6:42  Protoss Air Armor Level 2 (Chrono Boost), Protoss Air Weapons Level 2 (Chrono Boost)  
  52  6:49  Probe  
  52  6:51  Probe  
  54  7:06  Twilight Council  
  54  7:08  Pylon  
  54  7:11  Pylon  
  54  7:13  Probe x2  
  56  7:20  Tempest  
  56  7:21  Phoenix  
  62  7:24  Pylon  
  62  7:25  Probe x2  
  62  7:27  Pylon  
  64  7:30  Nexus  
  64  7:33  Pylon  
  64  7:37  Pylon  
  64  7:40  Phoenix, Pylon  
  64  7:41  Phoenix  
  68  7:48  Photon Cannon  
  68  7:50  Photon Cannon  
  68  7:52  Photon Cannon  
  68  7:56  Photon Cannon  
  68  7:59  Void Ray  
  72  8:19  Protoss Shields Level 2  
  72  8:23  Assimilator  
  72  8:25  Assimilator, Photon Cannon  
  72  8:29  Photon Cannon  
  72  8:32  Photon Cannon  
  72  8:33  Photon Cannon  
  72  8:42  Photon Cannon  
  78  8:50  Probe x2  
  51  9:20  Tempest  
  51  9:21  Phoenix  
  51  9:22  Phoenix  
  56  9:27  Tempest  
  60  9:36  Nexus  
  60  9:38  Pylon  
  60  9:48  Void Ray  
  64  9:56  Pylon  
  64  10:00  Pylon  
  64  10:04  Nexus  
  64  10:07  Pylon  
  64  10:10  Pylon  
  64  10:12  Pylon  
  64  10:14  Photon Cannon  
  64  10:24  Tempest  
  64  10:25  Phoenix  
  70  10:46  Void Ray (Chrono Boost)  
  73  11:07  Tempest (Chrono Boost)  
  73  11:11  Void Ray x2 (Chrono Boost)  
  75  11:30  Tempest (Chrono Boost)  
  65  11:43  Tempest (Chrono Boost)  
  61  11:50  Phoenix (Chrono Boost)  
  61  11:51  Phoenix (Chrono Boost)  
  61  11:54  Protoss Air Weapons Level 3 (Chrono Boost)  
  65  12:00  Probe  
  66  12:02  Void Ray (Chrono Boost)  
  70  12:12  Probe  
  71  12:28  Photon Cannon  
  71  12:31  Photon Cannon  
  71  12:34  Photon Cannon  
  71  12:35  Assimilator x2, Void Ray (Chrono Boost)  
  83  12:38  Void Ray (Chrono Boost)  
  83  12:39  Void Ray (Chrono Boost)  
  83  12:50  Tempest (Chrono Boost)  
  87  12:55  Mothership Core  
  91  13:28  Void Ray (Chrono Boost)  
  87  13:37  Phoenix x2 (Chrono Boost)  
  66  13:54  Tempest (Chrono Boost)  
  63  13:59  Void Ray (Chrono Boost)  
  61  14:11  Photon Cannon  
  61  14:14  Photon Cannon  
  61  14:15  Photon Cannon  
  49  14:27  Void Ray (Chrono Boost)  
  23  15:14  Pylon  
Show
View Real Time Build Order
Export as new Build Order

IveyOne Terran - Winner!

Build Orders: Reaper Expand, MMM Bio 

Get SALT Encoding   

  12  0:04  SCV  
  13  0:14  Supply Depot  
  13  0:18  SCV  
  14  0:30  SCV  
  15  0:37  Barracks  
  15  0:42  Refinery  
  15  0:45  SCV  
  16  0:59  SCV  
  17  1:12  SCV  
  18  1:26  Command Center  
  18  1:31  SCV  
  19  1:34  Reaper  
  20  1:47  Barracks  
  20  1:57  Orbital Command  
  20  2:08  Supply Depot  
  20  2:10  Barracks Reactor  
  20  2:28  Barracks  
  20  2:37  Barracks Tech Lab  
  20  2:46  Orbital Command  
  20  2:54  Marine x2  
  22  2:59  SCV  
  22  3:01  Stimpack  
  23  3:13  SCV  
  23  3:15  Marine x2  
  23  3:17  SCV  
  27  3:20  Supply Depot, Barracks Reactor  
  27  3:21  Marine  
  27  3:35  SCV  
  27  3:36  Marine x2  
  27  3:37  SCV  
  31  3:42  Supply Depot  
  31  3:43  Refinery  
  31  3:45  Marine  
  31  3:47  SCV  
  33  3:52  SCV  
  33  3:53  Marine  
  33  3:54  Marine  
  36  3:57  Marine x2  
  36  3:59  SCV  
  39  4:03  Marine  
  39  4:09  SCV  
  41  4:11  Marine, SCV  
  41  4:12  Marine  
  41  4:16  Marine  
  45  4:21  Marauder, SCV  
  48  4:24  Factory  
  48  4:25  Supply Depot  
  48  4:27  Supply Depot  
  48  4:31  Marine x2  
  48  4:35  SCV  
  48  4:36  SCV  
  52  4:40  Marine  
  52  4:43  Marauder  
  55  4:47  SCV  
  55  4:48  SCV  
  57  5:01  Marine x2  
  57  5:02  Command Center, Marine  
  57  5:04  Marauder  
  62  5:09  Combat Shields  
  62  5:10  Engineering Bay  
  62  5:11  Factory Reactor  
  62  5:13  Engineering Bay  
  62  5:15  Starport  
  62  5:18  Refinery x2, Marine  
  63  5:24  Supply Depot  
  63  5:25  Supply Depot  
  63  5:26  Marauder  
  65  5:29  SCV  
  65  5:31  SCV  
  67  5:41  SCV  
  68  5:44  Marine x2, SCV  
  68  5:47  Marauder, Terran Infantry Weapons Level 1  
  73  5:51  Terran Infantry Armor Level 1  
  73  5:57  Missile Turret, Marine  
  74  6:08  Marauder  
  76  6:15  SCV, Barracks  
  76  6:16  SCV  
  76  6:18  Barracks  
  78  6:21  Medivac  
  80  6:28  Orbital Command  
  80  6:30  Marauder, SCV  
  83  6:37  SCV  
  84  6:42  SCV  
  85  6:49  Marine x2, SCV  
  85  6:51  Marauder  
  85  6:53  Medivac  
  92  6:54  SCV  
  94  7:01  SCV  
  94  7:02  SCV  
  94  7:06  SCV  
  96  7:10  Medivac  
  96  7:11  Marine  
  96  7:12  Marauder  
  96  7:13  Barracks Tech Lab x2, SCV  
  96  7:14  SCV  
  103  7:18  SCV  
  104  7:22  Medivac  
  104  7:25  Barracks  
  104  7:27  Barracks  
  104  7:28  Barracks  
  106  7:34  Marauder  
  106  7:35  Marine x2  
  109  7:39  Marauder  
  109  7:48  Supply Depot x2  
  109  7:50  Armory  
  109  7:51  Supply Depot  
  109  8:04  Starport  
  109  8:05  Factory Reactor  
  109  8:09  Medivac x2, Marauder, Marine x2  
  109  8:10  SCV x3  
  120  8:14  Marauder x2, Marine  
  120  8:16  Barracks Reactor  
  120  8:17  Barracks Reactor  
  120  8:18  Barracks Tech Lab  
  120  8:19  Concussive Shells  
  125  8:22  SCV  
  125  8:23  Marine  
  127  8:27  Marine x2  
  127  8:31  Marauder, Marine  
  132  8:38  Terran Infantry Weapons Level 2  
  132  8:39  Terran Infantry Armor Level 2  
  132  8:42  Marine  
  133  8:56  Marine x2  
  133  8:59  Marine  
  133  9:00  Marine  
  133  9:02  Marine  
  133  9:04  Marine  
  133  9:06  Marauder x2  
  132  9:12  Marine  
  132  9:16  Marine  
  133  9:17  Marine  
  133  9:19  Marine x2  
  133  9:20  Marine x2  
  133  9:22  Medivac, Marine  
  133  9:24  Supply Depot  
  133  9:25  Supply Depot x2  
  133  9:26  Supply Depot  
  133  9:27  Marauder  
  133  9:28  Marauder  
  133  9:29  Marauder  
  133  9:30  Marauder, Marine  
  130  9:34  Marine  
  130  9:35  Marine  
  130  9:37  Marine x2  
  130  9:38  Marine x2  
  120  9:44  Marine  
  101  9:48  Marauder, Marine  
  101  9:50  Marauder, SCV  
  101  9:51  Marauder x2, SCV x2  
  101  9:52  Marine  
  114  9:53  Marine  
  114  9:54  Marine  
  114  9:55  Marine  
  117  10:00  Marine  
  118  10:10  Marauder  
  118  10:11  Marauder  
  118  10:12  Marauder, Marine  
  118  10:13  Marauder, Marine x3  
  130  10:16  Liberator x4, SCV  
  130  10:18  SCV  
  132  10:30  Terran Ship Weapons Level 1  
  132  10:31  Marauder  
  132  10:33  Marauder  
  132  10:34  Marauder x2  
  152  10:36  Command Center  
  152  10:52  Marauder  
  152  10:54  Marauder  
  152  10:55  Marauder  
  158  10:59  Liberator, Terran Infantry Weapons Level 3  
  158  11:02  SCV x2  
  160  11:04  Refinery  
  160  11:05  Refinery  
  163  11:21  Terran Infantry Armor Level 3  
  163  11:33  Marine x2  
  165  11:48  Orbital Command, Marauder x4, Marine x6  
  165  11:49  Command Center  
  165  11:50  Marine  
  180  12:10  Command Center  
  180  12:25  Supply Depot  
  180  12:29  Liberator x2  
  180  12:36  Supply Depot  
  180  12:40  Liberator x2, Supply Depot  
  186  12:57  Terran Ship Weapons Level 2  
  192  12:59  Supply Depot  
  192  13:03  Planetary Fortress  
  192  13:12  Liberator x2, Command Center  
  192  13:17  Command Center  
Show
View Real Time Build Order
Export as new Build Order

Hadoken Zerg - Winner!

Build Orders: Pool First 

Get SALT Encoding   

  12  0:06  Drone  
  13  0:33  Spawning Pool  
  13  0:35  Drone x3, Extractor  
  14  0:50  Overlord  
  14  1:20  Zergling x2  
  14  1:21  Zergling x4  
  17  1:39  Zergling x2  
  18  1:44  Metabolic Boost  
  18  1:49  Drone  
  19  1:55  Overlord  
  19  2:02  Hatchery  
  19  2:08  Zergling x2  
  19  2:09  Queen  
  21  2:20  Zergling x2  
  22  2:28  Zergling x2  
  21  2:49  Zergling x2  
  21  2:50  Zergling x2  
  21  3:08  Zergling x4  
  23  3:21  Zergling x2  
  23  3:22  Zergling x2  
  23  3:26  Overlord  
  24  3:50  Drone x4  
  28  3:57  Drone x2  
  30  4:03  Overlord  
  30  4:11  Drone  
  30  4:14  Drone  
  30  4:16  Extractor  
  31  4:20  Zergling x2  
  31  4:24  Queen  
  32  4:28  Hatchery  
  32  4:41  Lair  
  32  4:42  Spore Crawler  
  32  4:43  Spore Crawler  
  32  4:45  Drone x5  
  34  4:46  Drone  
  36  4:58  Overlord  
  36  5:01  Overlord  
  36  5:10  Overlord  
  36  5:13  Drone x2  
  38  5:21  Pneumatized Carapace  
  38  5:47  Infestation Pit  
  37  5:57  Drone x3  
  37  5:58  Drone x3  
  37  5:59  Overlord  
  37  6:02  Hatchery  
  37  6:04  Queen  
  44  6:11  Queen  
  46  6:24  Overlord  
  46  6:27  Overlord  
  46  6:33  Hive  
  46  6:35  Drone  
  46  6:36  Drone x5  
  52  6:54  Drone x6  
  54  6:55  Drone  
  59  7:14  Zergling x2  
  59  7:15  Zergling x18  
  41  7:48  Overlord  
  41  7:49  Ultralisk Cavern  
  40  7:57  Drone  
  40  7:58  Drone x9  
  46  8:30  Extractor  
  46  8:31  Extractor  
  42  8:40  Drone x6  
  42  8:41  Drone x3  
  49  8:42  Queen  
  51  8:57  Ultralisk  
  51  8:58  Ultralisk x2  
  51  8:59  Chitinous Plating  
  69  9:32  Ultralisk  
  75  9:38  Extractor x2  
  75  9:39  Drone x8  
  75  9:40  Drone x5  
  86  9:53  Hatchery  
  86  9:54  Ultralisk x2  
  97  10:01  Evolution Chamber  
  97  10:02  Evolution Chamber  
  95  10:08  Hatchery  
  94  10:20  Overlord  
  94  10:21  Overlord x6  
  94  10:22  Overlord x3  
  94  10:37  Drone  
  94  10:38  Drone x3  
  98  10:44  Zerg Ground Armor Level 1, Zerg Melee Weapons Level 1  
  98  10:47  Ultralisk  
  98  11:03  Ultralisk  
  104  11:05  Drone  
  104  11:06  Drone x4  
  109  11:15  Drone  
  109  11:16  Drone x4  
  108  11:33  Ultralisk  
  108  11:34  Ultralisk  
  102  11:48  Ultralisk  
  102  11:49  Ultralisk  
  102  11:51  Drone x3  
  117  11:56  Drone  
  117  11:57  Drone x4  
  116  12:11  Ultralisk x2  
  128  12:33  Ultralisk x2  
  128  12:36  Overlord x2  
  134  12:39  Overlord  
  134  12:41  Zerg Ground Armor Level 2  
  134  13:02  Zerg Melee Weapons Level 2  
  134  13:08  Ultralisk  
  134  13:09  Drone  
  134  13:10  Drone x4  
  134  13:11  Drone x10  
  155  13:28  Extractor  
  155  13:30  Extractor  
  135  14:01  Ultralisk x2  
  135  14:02  Ultralisk x2  
  141  14:29  Ultralisk x3  
  159  14:36  Drone  
  159  14:37  Drone x3  
  163  14:46  Hatchery  
  162  14:57  Ultralisk x2  
  168  15:10  Hatchery  
  168  15:11  Hatchery  
  172  15:22  Drone  
  172  15:23  Drone x4  
  172  15:24  Drone x8  
Show
View Real Time Build Order
Export as new Build Order

Grumm Protoss - Winner!

Build Orders: Carrier Rush 

Get SALT Encoding   

  12  0:01  Probe (Chrono Boost)  
  13  0:13  Probe (Chrono Boost)  
  14  0:24  Pylon  
  14  0:26  Probe (Chrono Boost)  
  16  0:43  Gateway, Probe (Chrono Boost)  
  16  0:51  Assimilator  
  16  0:53  Probe (Chrono Boost)  
  17  0:58  Assimilator  
  17  1:04  Probe (Chrono Boost)  
  18  1:14  Probe (Chrono Boost)  
  18  1:17  Pylon  
  19  1:25  Probe (Chrono Boost)  
  20  1:31  Cybernetics Core  
  20  1:38  Forge  
  20  1:41  Pylon  
  20  1:46  Probe (Chrono Boost)  
  21  2:02  Probe (Chrono Boost)  
  21  2:07  Stargate  
  22  2:10  Warp Gate  
  22  2:16  Photon Cannon  
  22  2:20  Probe (Chrono Boost)  
  23  2:51  Fleet Beacon  
  23  2:56  Photon Cannon  
  23  3:05  Pylon  
  23  3:26  Nexus  
  23  3:48  Carrier (Chrono Boost)  
  29  3:59  Mothership Core  
  31  4:06  Assimilator  
  31  4:13  Photon Cannon  
  31  4:18  Assimilator  
  31  4:20  Probe  
  32  4:32  Probe  
  32  4:36  Probe  
  34  4:45  Probe  
  35  4:47  Probe  
  36  4:57  Probe x2  
  38  5:09  Probe  
  45  5:14  Probe  
  46  5:33  Stargate  
  46  5:36  Graviton Catapult  
  46  5:41  Protoss Air Weapons Level 1  
  46  5:50  Probe  
  46  5:51  Probe  
  48  6:01  Tempest (Chrono Boost)  
  52  6:05  Probe  
  52  6:09  Pylon  
  53  6:12  Probe  
  53  6:17  Probe  
  55  6:35  Tempest (Chrono Boost)  
  59  6:40  Tempest (Chrono Boost)  
  59  6:44  Probe x2  
  65  6:56  Probe x2  
  67  7:02  Pylon  
  67  7:03  Gateway  
  67  7:06  Cybernetics Core  
  67  7:22  Tempest (Chrono Boost)  
  71  7:25  Probe x2  
  73  7:32  Pylon  
  73  7:35  Pylon, Protoss Air Armor Level 1  
  73  8:00  Probe  
  73  8:01  Probe  
  73  8:03  Tempest (Chrono Boost)  
  73  8:04  Tempest (Chrono Boost)  
  83  8:21  Protoss Air Weapons Level 2  
  83  8:24  Probe  
  84  8:39  Probe  
  84  8:40  Probe  
  86  8:45  Tempest (Chrono Boost)  
  86  8:46  Tempest (Chrono Boost)  
  94  8:51  Stargate  
  94  8:52  Photon Cannon  
  94  8:54  Photon Cannon  
  94  8:56  Pylon  
  94  8:57  Pylon  
  94  9:07  Nexus  
  94  9:09  Pylon  
  94  9:14  Probe  
  95  9:33  Carrier (Chrono Boost)  
  107  9:39  Carrier (Chrono Boost)  
  113  10:06  Carrier (Chrono Boost)  
  113  10:53  Tempest x2 (Chrono Boost)  
  125  11:26  Tempest (Chrono Boost)  
  125  11:30  Tempest (Chrono Boost)  
  105  12:16  Mothership Core  
  105  12:20  Carrier x2 (Chrono Boost)  
  125  12:31  Carrier (Chrono Boost)  
Tags
 
Add a new tag
Caveats
  • Supply blocks, unpowered buildings, or Contaminate may cause inaccurate times.
  • Supply counts are checked every 10 seconds.